Minnesota North Stars vs Vancouver Canucks
Created - Monday, May 8, 2023 at 07:02
Goals
|
| Minnesota North Stars |
0 |
1 |
1 |
2 |
| Vancouver Canucks |
1 |
3 |
1 |
5 |
|
Shots
|
| Minnesota North Stars |
11 |
10 |
10 |
31 |
| Vancouver Canucks |
17 |
15 |
6 |
38 |
|
1st period
1. Vancouver Canucks , Artturi Lehkonen 9 (Jake Bean 5, Robby Fabbri 14) at 6:34
Penalties :
No Penalty
2nd period
2. Vancouver Canucks , Anton Lundell 12 (Robby Fabbri 15, Artturi Lehkonen 8) at 4:49
3. Minnesota North Stars , Gustav Nyquist 11 (Jonathan Toews 14) at 9:21
4. Vancouver Canucks , Clayton Keller 13 (Mikko Rantanen 23, Aleksander Barkov 38) at 10:27
5. Vancouver Canucks , Clayton Keller 14 (Mikko Rantanen 24, Aleksander Barkov 39) at 17:28 (PP)
Penalties :
Gustav Nyquist (MNS) for Hooking (Minor) at 17:10, Adam Lowry (MNS) for Interference (Minor) at 18:42
3rd period
6. Minnesota North Stars , Jeff Skinner 21 (Jonathan Toews 15, Viktor Arvidsson 22) at 4:12
7. Vancouver Canucks , Mikko Rantanen 30 (Noah Hanifin 15, Clayton Keller 32) at 7:49
Penalties :
Anton Lundell (VAN) for Hooking (Minor) at 15:14, Jake Bean (VAN) for Kneeing (Major) at 19:56
Goalie Stats
Antti Raanta (MNS), 33 saves from 38 shots - (0.868), L, 9-8-2, 60:00 minutes
Ville Husso (VAN), 29 saves from 31 shots - (0.935), W, 9-7-3, 60:00 minutes
Players Stats for Minnesota North Stars
Player Name G A P +/- PIM S H SB GA TA FO MP PP MP PK MP
------------------------------------------------------------------------------------
Adam Lowry 0 0 0 -1 2 1 2 1 0 0 2/4 13:10 0:00 0:00
Alex Goligoski 0 0 0 1 0 0 0 0 0 2 0/0 15:43 1:05 0:00
Andrew Poturalski 0 0 0 0 0 0 1 0 0 0 3/5 8:23 0:00 0:00
Conor Sheary 0 0 0 0 0 1 0 0 1 0 0/0 8:23 0:00 0:00
David Perron 0 0 0 -2 0 3 3 2 1 1 0/1 20:22 1:08 0:26
Evgeni Malkin 0 0 0 -2 0 2 1 0 0 1 14/28 19:40 1:08 0:00
Gustav Forsling 0 0 0 0 0 0 1 2 0 3 0/0 19:47 0:57 0:41
Gustav Nyquist 1 0 1 -1 2 4 0 1 0 0 0/0 13:14 0:03 0:10
Jack Hughes 0 0 0 -2 0 4 1 0 1 1 0/2 21:13 1:08 1:41
Jeff Skinner 1 0 1 1 0 4 1 2 1 0 1/2 16:19 0:51 0:00
Jonathan Toews 0 2 2 1 0 3 2 1 1 0 5/17 18:00 0:51 1:41
Neal Pionk 0 0 0 0 0 1 1 0 0 0 0/0 20:17 1:05 0:41
Nick Holden 0 0 0 1 0 0 0 4 0 0 0/0 14:16 0:00 0:00
Nino Niederreiter 0 0 0 0 0 1 0 0 1 0 0/0 8:41 0:03 0:00
Rasmus Dahlin 0 0 0 -3 0 2 3 1 2 1 0/0 25:27 0:57 1:36
Viktor Arvidsson 0 1 1 1 0 3 0 0 3 0 0/1 16:19 0:51 0:00
Yegor Sharangovich 0 0 0 -1 0 1 0 1 0 0 0/0 14:05 0:03 0:36
Zdeno Chara 0 0 0 -3 0 1 0 2 1 0 0/0 24:22 0:00 1:36
Players Stats for Vancouver Canucks
Player Name G A P +/- PIM S H SB GA TA FO MP PP MP PK MP
------------------------------------------------------------------------------------
Aleksander Barkov 0 2 2 0 0 5 1 0 2 1 27/40 21:49 1:30 0:49
Alex Formenton 0 0 0 0 0 1 1 0 0 0 0/1 10:31 0:47 1:11
Anton Lundell 1 0 1 2 2 2 0 0 0 1 6/9 17:21 0:47 0:03
Artturi Lehkonen 1 1 2 2 0 5 1 0 0 0 0/1 16:23 0:00 0:00
Casey Mittelstadt 0 0 0 0 0 0 0 0 1 0 1/5 12:03 0:00 0:48
Clayton Keller 2 1 3 0 0 5 2 1 1 0 0/1 21:17 1:30 0:17
Jacob Bryson 0 0 0 1 0 0 1 1 0 0 0/0 13:12 0:00 0:00
Jake Bean 0 1 1 0 5 2 2 1 0 2 0/0 20:16 1:28 0:00
Jesperi Kotkaniemi 0 0 0 0 0 0 1 0 0 0 0/1 11:55 0:00 0:40
Kasperi Kapanen 0 0 0 0 0 1 2 0 0 0 0/0 12:11 0:47 0:00
Mikko Rantanen 1 2 3 0 0 5 3 0 1 0 1/1 21:00 1:30 0:00
Miro Heiskanen 0 0 0 3 0 2 0 0 1 3 0/0 23:38 0:49 1:03
Nathan Smith 0 0 0 0 0 0 1 1 0 0 0/1 8:24 0:00 0:00
Nikita Zadorov 0 0 0 -2 0 2 0 0 0 3 0/0 22:54 0:49 0:59
Noah Hanifin 0 1 1 1 0 3 0 1 1 0 0/0 25:44 1:28 0:59
Olli Maatta 0 0 0 1 0 3 0 1 0 1 0/0 14:15 0:00 1:03
Robby Fabbri 0 2 2 2 0 1 4 0 2 0 0/0 16:39 0:00 0:16
Taylor Raddysh 0 0 0 0 0 1 2 0 0 1 0/0 8:24 0:00 0:00
3 Stars
1 - Clayton Keller (VAN)
2 - Mikko Rantanen (VAN)
3 - Artturi Lehkonen (VAN)
Power Play
Minnesota North Stars - 0 on 2 Attempt(s) - 0.00%
Vancouver Canucks - 1 on 2 Attempt(s) - 50.00%
Penalty Kill
Minnesota North Stars - 1 on 2 Attempt(s) - 50.00%
- Score 0 goal in Penalty Kill
Vancouver Canucks - 2 on 2 Attempt(s) - 100.00%
- Score 0 goal in Penalty Kill
Team Stat
Minnesota North Stars - Hits : 16 - Faceoff Wins : 25 - Blocked Shots : 17 - Penalty Minutes : 4
Vancouver Canucks - Hits : 21 - Faceoff Wins : 35 - Blocked Shots : 6 - Penalty Minutes : 7
Official
Referees : Gord Dwyer and Tom Chmielewski
Linesman : Brandon Gawryletz and Andy McElman
Game Notes
3:21 of 2nd period - Vancouver Canucks goal is going for a video replay. After video review, No Goal. The goalkeeper has been pushed into the net together with the puck after making a save.
Finance
Level 1 -- Attendance: 5018 (83.63%) -- Ticket Income $496,782
Level 2 -- Attendance: 3504 (70.08%) -- Ticket Income $206,736
Level 3 -- Attendance: 2972 (99.07%) -- Ticket Income $101,048
Level 4 -- Attendance: 3885 (77.70%) -- Ticket Income $93,240
Luxury Box -- Attendance: 711 (71.10%) -- Ticket Income $141,489
Game was played at the American Airlines Center.
Total Attendance: 16090 (80.45%)
Total Ticket Income: $1,039,295
Other Income: $363,753
Total Income: $1,403,048
Minnesota North Stars
5 vs 5 Forward
Center Left Wing Right Wing Time % Phy DF OF
1 Evgeni Malkin Jack Hughes David Perron 40 1 2 2
2 Jonathan Toews Jeff Skinner Viktor Arvidsson 31 1 2 2
3 Adam Lowry Yegor Sharangovich Gustav Nyquist 24 1 2 2
4 Andrew Poturalski Conor Sheary Nino Niederreiter 5 1 2 2
5 vs 5 Defense
Defense Defense Time % Phy DF OF
1 Rasmus Dahlin Zdeno Chara 40 1 2 2
2 Neal Pionk Gustav Forsling 30 1 2 2
3 Alex Goligoski Nick Holden 20 1 2 2
4 Rasmus Dahlin Zdeno Chara 10 1 2 2
PowerPlay Forward
Center Left Wing Right Wing Time % Phy DF OF
1 Evgeni Malkin Jack Hughes David Perron 60 1 2 2
2 Jonathan Toews Jeff Skinner Viktor Arvidsson 40 1 2 2
PowerPlay Defense
Defense Defense Time % Phy DF OF
1 Rasmus Dahlin Gustav Forsling 60 1 2 2
2 Neal Pionk Alex Goligoski 40 1 2 2
Penalty Kill 4 Players Forward
Center Wing Time % Phy DF OF
1 Jonathan Toews Jack Hughes 60 1 2 2
2 Adam Lowry David Perron 40 1 2 2
Penalty Kill 4 Players Defense
Defense Defense Time % Phy DF OF
1 Rasmus Dahlin Zdeno Chara 60 1 2 2
2 Neal Pionk Gustav Forsling 40 1 2 2
Penalty Kill - 3 Players Forward
Forward Time % Phy DF OF
1 Jonathan Toews 60 1 2 2
2 Adam Lowry 40 1 2 2
Penalty Kill - 3 Players Defense
Defense Defense Time % Phy DF OF
1 Nick Holden Zdeno Chara 60 1 2 2
2 Neal Pionk Gustav Forsling 40 1 2 2
4 vs 4 Forward
Center Wing Time % Phy DF OF
1 Evgeni Malkin Jack Hughes 60 1 2 2
2 Jonathan Toews David Perron 40 1 2 2
4 vs 4 Defense
Defense Defense Time % Phy DF OF
1 Rasmus Dahlin Gustav Forsling 60 1 2 2
2 Neal Pionk Alex Goligoski 40 1 2 2
Last Minutes Offensive
Center Left Wing Right Wing Defense Defense
Evgeni Malkin Jack Hughes David Perron Rasmus Dahlin Gustav Forsling
Last Minutes Defensive
Center Left Wing Right Wing Defense Defense
Jonathan Toews Adam Lowry Yegor Sharangovich Rasmus Dahlin Gustav Forsling
Goaltenders
Starting : Antti Raanta
Backup : Brian Elliott
Extra Forwards
Normal : Evgeni Malkin, Jack Hughes, Jeff Skinner - PP : Evgeni Malkin, Jack Hughes - PK : Jonathan Toews
Extra Defensemen
Normal : Rasmus Dahlin, Neal Pionk, Gustav Forsling - PP : Rasmus Dahlin - PK : Nick Holden, Neal Pionk
Penalty Shots
Evgeni Malkin, Jack Hughes, Jeff Skinner, David Perron, Yegor Sharangovich
Vancouver Canucks
5 vs 5 Forward
Center Left Wing Right Wing Time % Phy DF OF
1 Aleksander Barkov Clayton Keller Mikko Rantanen 40 1 2 2
2 Anton Lundell Robby Fabbri Artturi Lehkonen 30 1 2 2
3 Casey Mittelstadt Jesperi Kotkaniemi Kasperi Kapanen 20 1 2 2
4 Nathan Smith Alex Formenton Taylor Raddysh 10 1 2 2
5 vs 5 Defense
Defense Defense Time % Phy DF OF
1 Miro Heiskanen Noah Hanifin 40 1 2 2
2 Nikita Zadorov Jake Bean 30 1 2 2
3 Jacob Bryson Olli Maatta 20 1 2 2
4 Nikita Zadorov Noah Hanifin 10 1 2 2
PowerPlay Forward
Center Left Wing Right Wing Time % Phy DF OF
1 Aleksander Barkov Clayton Keller Mikko Rantanen 60 1 2 2
2 Anton Lundell Kasperi Kapanen Alex Formenton 40 1 2 2
PowerPlay Defense
Defense Defense Time % Phy DF OF
1 Jake Bean Noah Hanifin 60 1 2 2
2 Nikita Zadorov Miro Heiskanen 40 1 2 2
Penalty Kill 4 Players Forward
Center Wing Time % Phy DF OF
1 Anton Lundell Alex Formenton 60 1 2 2
2 Aleksander Barkov Clayton Keller 40 1 2 2
Penalty Kill 4 Players Defense
Defense Defense Time % Phy DF OF
1 Miro Heiskanen Olli Maatta 60 1 2 2
2 Noah Hanifin Nikita Zadorov 40 1 2 2
Penalty Kill - 3 Players Forward
Forward Time % Phy DF OF
1 Anton Lundell 60 1 2 2
2 Aleksander Barkov 40 1 2 2
Penalty Kill - 3 Players Defense
Defense Defense Time % Phy DF OF
1 Miro Heiskanen Nikita Zadorov 60 1 2 2
2 Noah Hanifin Jacob Bryson 40 1 2 2
4 vs 4 Forward
Center Wing Time % Phy DF OF
1 Aleksander Barkov Mikko Rantanen 60 1 2 2
2 Anton Lundell Clayton Keller 40 1 2 2
4 vs 4 Defense
Defense Defense Time % Phy DF OF
1 Nikita Zadorov Noah Hanifin 60 1 2 2
2 Miro Heiskanen Jake Bean 40 1 2 2
Last Minutes Offensive
Center Left Wing Right Wing Defense Defense
Aleksander Barkov Clayton Keller Mikko Rantanen Miro Heiskanen Noah Hanifin
Last Minutes Defensive
Center Left Wing Right Wing Defense Defense
Anton Lundell Alex Formenton Clayton Keller Miro Heiskanen Jake Bean
Goaltenders
Starting : Ville Husso
Backup : Joonas Korpisalo
Extra Forwards
Normal : Aleksander Barkov, Mikko Rantanen, Clayton Keller - PP : Aleksander Barkov, Kasperi Kapanen - PK : Aleksander Barkov
Extra Defensemen
Normal : Nikita Zadorov, Noah Hanifin, Miro Heiskanen - PP : Miro Heiskanen - PK : Noah Hanifin, Miro Heiskanen
Penalty Shots
Aleksander Barkov, Mikko Rantanen, Anton Lundell, Clayton Keller, Miro Heiskanen
% Time on Ice - Minnesota North Stars
Lines # - Real PCT - Wanted PCT - Time Play
Normal Forward
1 - 33% - 40% - 18:39
2 - 28% - 31% - 15:52
3 - 23% - 24% - 12:47
4 - 15% - 5% - 8:23
Normal Defense
1 - 36% - 40% - 20:19
2 - 33% - 30% - 18:31
3 - 26% - 20% - 14:16
4 - 5% - 10% - 2:35
PP Forward
1 - 58% - 60% - 1:11
2 - 42% - 40% - 0:51
PP Defense
1 - 47% - 60% - 0:57
2 - 53% - 40% - 1:05
PK Forward
1 - 81% - 60% - 1:51
2 - 19% - 40% - 0:26
PK Defense
1 - 70% - 60% - 1:36
2 - 30% - 40% - 0:41
PK3 Forward
1 - 0% - 60%
2 - 0% - 40%
PK3 Defense
1 - 0% - 60%
2 - 0% - 40%
44 Forward
1 - 0% - 60%
2 - 0% - 40%
44 Defense
1 - 0% - 60%
2 - 0% - 40%
Last Minute Offensive - 0:00
Last Minute Defensive - 0:00
Total
Forward - 60:00
Defense - 60:00
|
% Time on Ice - Vancouver Canucks
Lines # - Real PCT - Wanted PCT - Time Play
Normal Forward
1 - 35% - 40% - 19:30
2 - 30% - 30% - 16:32
3 - 20% - 20% - 11:15
4 - 15% - 10% - 8:24
Normal Defense
1 - 38% - 40% - 21:23
2 - 32% - 30% - 17:36
3 - 24% - 20% - 13:12
4 - 6% - 10% - 3:30
PP Forward
1 - 66% - 60% - 1:30
2 - 34% - 40% - 0:47
PP Defense
1 - 64% - 60% - 1:28
2 - 36% - 40% - 0:49
PK Forward
1 - 100% - 60% - 2:02
2 - 0% - 40% - 0:00
PK Defense
1 - 52% - 60% - 1:03
2 - 48% - 40% - 0:59
PK3 Forward
1 - 0% - 60%
2 - 0% - 40%
PK3 Defense
1 - 0% - 60%
2 - 0% - 40%
44 Forward
1 - 0% - 60%
2 - 0% - 40%
44 Defense
1 - 0% - 60%
2 - 0% - 40%
Last Minute Offensive - 0:00
Last Minute Defensive - 0:00
Total
Forward - 60:00
Defense - 60:00
|
Play-by-Play
1st period
0:01 of 1st period - Evgeni Malkin wins face-off versus Aleksander Barkov in neutral zone.
0:08 of 1st period - Wrist shot by Evgeni Malkin.
0:08 of 1st period - Shot Hit the Post.
0:58 of 1st period - Snap shot by Robby Fabbri.
0:58 of 1st period - Shot Blocked by Gustav Forsling.
1:00 of 1st period - Slapshot by Jake Bean.
1:00 of 1st period - Shot Blocked by Gustav Forsling.
2:29 of 1st period - Snap shot by Kasperi Kapanen.
2:29 of 1st period - Shot Blocked by Gustav Nyquist.
2:35 of 1st period - Nick Holden is hit by Jake Bean and loses puck.
2:48 of 1st period - Conor Sheary is hit by Nathan Smith and loses puck.
4:04 of 1st period - Jacob Bryson is hit by Adam Lowry.
4:14 of 1st period - Rasmus Dahlin is hit by Mikko Rantanen.
4:42 of 1st period - Gustav Forsling is hit by Taylor Raddysh and loses puck.
5:15 of 1st period - Slapshot by Evgeni Malkin.
5:15 of 1st period - Shot Misses the Net.
5:28 of 1st period - Slapshot by Evgeni Malkin.
5:28 of 1st period - Shot Misses the Net.
5:37 of 1st period - Wrist shot by Anton Lundell.
5:37 of 1st period - Shot Misses the Net.
5:59 of 1st period - Snap shot by Anton Lundell.
5:59 of 1st period - Deflect By Evgeni Malkin.
5:59 of 1st period - Stopped by Antti Raanta with a rebound.
6:22 of 1st period - Snap shot by Robby Fabbri.
6:22 of 1st period - Stopped by Antti Raanta with a rebound.
6:24 of 1st period - Wrist shot by Artturi Lehkonen.
6:24 of 1st period - Shot Blocked by Nick Holden.
6:26 of 1st period - Wrist shot by Artturi Lehkonen.
6:26 of 1st period - Stopped by Antti Raanta with a rebound.
6:28 of 1st period - Wrist shot by Artturi Lehkonen.
6:28 of 1st period - Shot Blocked by Nick Holden.
6:30 of 1st period - Slapshot by Jake Bean.
6:30 of 1st period - Stopped by Antti Raanta with a rebound.
6:32 of 1st period - Slapshot by Jake Bean.
6:32 of 1st period - Stopped by Antti Raanta with a rebound.
6:34 of 1st period - Snap shot by Artturi Lehkonen.
6:34 of 1st period - Goal by Artturi Lehkonen - Minnesota North Stars : 0 - Vancouver Canucks : 1.
6:35 of 1st period - Jonathan Toews wins face-off versus Aleksander Barkov in neutral zone.
6:38 of 1st period - Snap shot by Clayton Keller.
6:38 of 1st period - Shot Misses the Net.
6:40 of 1st period - Snap shot by Clayton Keller.
6:40 of 1st period - Stopped by Antti Raanta without a rebound.
6:41 of 1st period - Aleksander Barkov wins face-off versus Jonathan Toews in Minnesota North Stars zone.
6:57 of 1st period - Snap shot by Mikko Rantanen.
6:57 of 1st period - Stopped by Antti Raanta with a rebound.
7:29 of 1st period - Zdeno Chara is hit by Kasperi Kapanen and loses puck.
8:12 of 1st period - Slapshot by Clayton Keller.
8:12 of 1st period - Stopped by Antti Raanta with a rebound.
8:14 of 1st period - Slapshot by Nathan Smith.
8:14 of 1st period - Shot Misses the Net.
8:16 of 1st period - Slapshot by Olli Maatta.
8:16 of 1st period - Stopped by Antti Raanta with a rebound.
8:18 of 1st period - Snap shot by Olli Maatta.
8:18 of 1st period - Stopped by Antti Raanta without a rebound.
8:19 of 1st period - Casey Mittelstadt wins face-off versus Andrew Poturalski in Minnesota North Stars zone.
9:03 of 1st period - Snap shot by Gustav Nyquist.
9:03 of 1st period - Shot Misses the Net.
9:05 of 1st period - Slapshot by Gustav Forsling.
9:05 of 1st period - Shot Blocked by Noah Hanifin.
9:24 of 1st period - Off-side.
9:25 of 1st period - Aleksander Barkov wins face-off versus Jack Hughes in neutral zone.
9:28 of 1st period - Slapshot by Clayton Keller.
9:28 of 1st period - Deflect By Jack Hughes.
9:28 of 1st period - Shot Blocked by Nick Holden.
9:28 of 1st period - Puck is out of play.
9:29 of 1st period - Evgeni Malkin wins face-off versus Clayton Keller in Minnesota North Stars zone.
10:45 of 1st period - Wrist shot by Conor Sheary.
10:45 of 1st period - Stopped by Ville Husso without a rebound.
10:46 of 1st period - Aleksander Barkov wins face-off versus Viktor Arvidsson in Vancouver Canucks zone.
10:57 of 1st period - Backhand shot by Mikko Rantanen.
10:57 of 1st period - Deflect By Jonathan Toews.
10:57 of 1st period - Shot Blocked by Zdeno Chara.
10:57 of 1st period - Puck is out of play.
10:58 of 1st period - Aleksander Barkov wins face-off versus Jeff Skinner in Minnesota North Stars zone.
11:10 of 1st period - Slapshot by Jeff Skinner.
11:10 of 1st period - Shot Misses the Net.
11:12 of 1st period - Slapshot by Zdeno Chara.
11:12 of 1st period - Shot Misses the Net.
11:28 of 1st period - Snap shot by Adam Lowry.
11:28 of 1st period - Stopped by Ville Husso with a rebound.
11:50 of 1st period - Zdeno Chara is hit by Aleksander Barkov and loses puck.
13:12 of 1st period - Wrist shot by Adam Lowry.
13:12 of 1st period - Shot Misses the Net.
14:27 of 1st period - Icing by Jonathan Toews.
14:28 of 1st period - Andrew Poturalski wins face-off versus Nathan Smith in Minnesota North Stars zone.
14:57 of 1st period - Snap shot by Evgeni Malkin.
14:57 of 1st period - Shot Blocked by Olli Maatta.
14:59 of 1st period - Snap shot by Nick Holden.
14:59 of 1st period - Deflect By David Perron.
14:59 of 1st period - Stopped by Ville Husso without a rebound.
15:00 of 1st period - Aleksander Barkov wins face-off versus Evgeni Malkin in Vancouver Canucks zone.
15:13 of 1st period - Wrist shot by Jack Hughes.
15:13 of 1st period - Stopped by Ville Husso without a rebound.
15:14 of 1st period - Aleksander Barkov wins face-off versus Jonathan Toews in Vancouver Canucks zone.
15:14 of 1st period - Aleksander Barkov is hit by Jeff Skinner.
15:22 of 1st period - Wrist shot by Aleksander Barkov.
15:22 of 1st period - Stopped by Antti Raanta with a rebound.
15:24 of 1st period - Snap shot by Mikko Rantanen.
15:24 of 1st period - Shot Blocked by Jonathan Toews.
15:26 of 1st period - Slapshot by Miro Heiskanen.
15:26 of 1st period - Stopped by Antti Raanta without a rebound.
15:27 of 1st period - Aleksander Barkov wins face-off versus Evgeni Malkin in Minnesota North Stars zone.
16:18 of 1st period - Slapshot by Gustav Nyquist.
16:18 of 1st period - Stopped by Ville Husso with a rebound.
16:20 of 1st period - Snap shot by Yegor Sharangovich.
16:20 of 1st period - Stopped by Ville Husso with a rebound.
16:22 of 1st period - Slapshot by Gustav Nyquist.
16:22 of 1st period - Stopped by Ville Husso without a rebound.
16:23 of 1st period - Evgeni Malkin wins face-off versus Casey Mittelstadt in Vancouver Canucks zone.
16:32 of 1st period - Jack Hughes is hit by Kasperi Kapanen.
16:54 of 1st period - Wrist shot by Adam Lowry.
16:54 of 1st period - Shot Blocked by Jake Bean.
17:24 of 1st period - Slapshot by Kasperi Kapanen.
17:24 of 1st period - Stopped by Antti Raanta without a rebound.
17:25 of 1st period - Mikko Rantanen wins face-off versus Evgeni Malkin in Minnesota North Stars zone.
17:28 of 1st period - Snap shot by Clayton Keller.
17:28 of 1st period - Deflect By Mikko Rantanen.
17:28 of 1st period - Stopped by Antti Raanta with a rebound.
17:37 of 1st period - Wrist shot by Aleksander Barkov.
17:37 of 1st period - Shot Misses the Net.
17:39 of 1st period - Snap shot by Clayton Keller.
17:39 of 1st period - Shot Misses the Net.
17:41 of 1st period - Snap shot by Aleksander Barkov.
17:41 of 1st period - Stopped by Antti Raanta without a rebound.
17:42 of 1st period - Jeff Skinner wins face-off versus Anton Lundell in Minnesota North Stars zone.
17:53 of 1st period - Snap shot by Viktor Arvidsson.
17:53 of 1st period - Stopped by Ville Husso with a rebound.
17:55 of 1st period - Slapshot by Zdeno Chara.
17:55 of 1st period - Stopped by Ville Husso without a rebound.
17:56 of 1st period - Aleksander Barkov wins face-off versus Jack Hughes in Vancouver Canucks zone.
18:30 of 1st period - Wrist shot by Jeff Skinner.
18:30 of 1st period - Stopped by Ville Husso without a rebound.
18:31 of 1st period - Jonathan Toews wins face-off versus Aleksander Barkov in Vancouver Canucks zone.
19:01 of 1st period - Off-side.
19:02 of 1st period - Anton Lundell wins face-off versus Evgeni Malkin in neutral zone.
19:11 of 1st period - Slapshot by Anton Lundell.
19:11 of 1st period - Shot Misses the Net.
19:13 of 1st period - Snap shot by Miro Heiskanen.
19:13 of 1st period - Stopped by Antti Raanta without a rebound.
19:14 of 1st period - Evgeni Malkin wins face-off versus Aleksander Barkov in Minnesota North Stars zone.
19:41 of 1st period - Noah Hanifin is hit by Rasmus Dahlin and loses puck.
19:48 of 1st period - Wrist shot by Robby Fabbri.
19:48 of 1st period - Deflect By Anton Lundell.
19:48 of 1st period - Shot Misses the Net.
19:48 of 1st period - Puck is out of play.
19:49 of 1st period - Jonathan Toews wins face-off versus Anton Lundell in Minnesota North Stars zone.
19:58 of 1st period - Wrist shot by Jeff Skinner.
19:58 of 1st period - Stopped by Ville Husso with a rebound.
Goals for this period are 0 for Minnesota North Stars vs 1 for Vancouver Canucks.
Shots for this period are 11 for Minnesota North Stars vs 17 for Vancouver Canucks.
2nd period
0:01 of 2nd period - Aleksander Barkov wins face-off versus Evgeni Malkin in neutral zone.
0:03 of 2nd period - Off-side.
0:04 of 2nd period - Aleksander Barkov wins face-off versus Evgeni Malkin in neutral zone.
0:07 of 2nd period - Snap shot by Aleksander Barkov.
0:07 of 2nd period - Shot Blocked by Zdeno Chara.
0:15 of 2nd period - Slapshot by Aleksander Barkov.
0:15 of 2nd period - Stopped by Antti Raanta without a rebound.
0:16 of 2nd period - Adam Lowry wins face-off versus Aleksander Barkov in Minnesota North Stars zone.
1:27 of 2nd period - Andrew Poturalski is hit by Taylor Raddysh and loses puck.
1:38 of 2nd period - Off-side.
1:39 of 2nd period - Aleksander Barkov wins face-off versus Jonathan Toews in neutral zone.
1:42 of 2nd period - Slapshot by Noah Hanifin.
1:42 of 2nd period - Stopped by Antti Raanta without a rebound.
1:43 of 2nd period - Aleksander Barkov wins face-off versus Jonathan Toews in Minnesota North Stars zone.
1:48 of 2nd period - Snap shot by Aleksander Barkov.
1:48 of 2nd period - Shot Misses the Net.
1:50 of 2nd period - Snap shot by Mikko Rantanen.
1:50 of 2nd period - Stopped by Antti Raanta with a rebound.
1:52 of 2nd period - Slapshot by Miro Heiskanen.
1:52 of 2nd period - Shot Blocked by Nick Holden.
1:54 of 2nd period - Wrist shot by Aleksander Barkov.
1:54 of 2nd period - Stopped by Antti Raanta without a rebound.
1:55 of 2nd period - Aleksander Barkov wins face-off versus Evgeni Malkin in Minnesota North Stars zone.
2:24 of 2nd period - Slapshot by Rasmus Dahlin.
2:24 of 2nd period - Stopped by Ville Husso without a rebound.
2:25 of 2nd period - Anton Lundell wins face-off versus Adam Lowry in Vancouver Canucks zone.
2:27 of 2nd period - Icing by Noah Hanifin.
2:28 of 2nd period - Adam Lowry wins face-off versus Anton Lundell in Vancouver Canucks zone.
2:44 of 2nd period - Gustav Nyquist is hit by Robby Fabbri and loses puck.
3:07 of 2nd period - Snap shot by Gustav Nyquist.
3:07 of 2nd period - Stopped by Ville Husso with a rebound.
3:19 of 2nd period - Slapshot by Anton Lundell.
3:19 of 2nd period - Shot Hit the Post.
3:21 of 2nd period - Slapshot by Miro Heiskanen.
3:21 of 2nd period - Deflect By Artturi Lehkonen.
3:21 of 2nd period - Vancouver Canucks goal is going for a video replay.
3:21 of 2nd period - The goal is refused. The goalkeeper has been pushed into the net together with the puck after making a save..
3:22 of 2nd period - Jonathan Toews wins face-off versus Aleksander Barkov in Minnesota North Stars zone.
3:49 of 2nd period - Jake Bean is hit by Rasmus Dahlin and loses puck.
3:56 of 2nd period - Snap shot by Jack Hughes.
3:56 of 2nd period - Stopped by Ville Husso without a rebound.
3:57 of 2nd period - Aleksander Barkov wins face-off versus Jonathan Toews in Vancouver Canucks zone.
4:24 of 2nd period - Evgeni Malkin is hit by Jesperi Kotkaniemi and loses puck.
4:31 of 2nd period - Snap shot by David Perron.
4:31 of 2nd period - Stopped by Ville Husso with a rebound.
4:49 of 2nd period - Wrist shot by Robby Fabbri.
4:49 of 2nd period - Deflect By Anton Lundell.
4:49 of 2nd period - Goal by Anton Lundell - Minnesota North Stars : 0 - Vancouver Canucks : 2.
4:50 of 2nd period - Evgeni Malkin wins face-off versus Aleksander Barkov in neutral zone.
6:04 of 2nd period - Wrist shot by Alex Formenton.
6:04 of 2nd period - Stopped by Antti Raanta with a rebound.
6:30 of 2nd period - Slapshot by Noah Hanifin.
6:30 of 2nd period - Stopped by Antti Raanta with a rebound.
6:45 of 2nd period - Icing by Nick Holden.
6:46 of 2nd period - Aleksander Barkov wins face-off versus Jonathan Toews in Minnesota North Stars zone.
7:21 of 2nd period - Slapshot by Robby Fabbri.
7:21 of 2nd period - Shot Misses the Net.
7:23 of 2nd period - Snap shot by Nikita Zadorov.
7:23 of 2nd period - Stopped by Antti Raanta with a rebound.
7:25 of 2nd period - Slapshot by Artturi Lehkonen.
7:25 of 2nd period - Deflect By Robby Fabbri.
7:25 of 2nd period - Shot Misses the Net.
7:25 of 2nd period - Puck is out of play.
7:26 of 2nd period - Evgeni Malkin wins face-off versus Casey Mittelstadt in Minnesota North Stars zone.
8:05 of 2nd period - Wrist shot by Aleksander Barkov.
8:05 of 2nd period - Shot Misses the Net.
8:38 of 2nd period - Wrist shot by Artturi Lehkonen.
8:38 of 2nd period - Shot Misses the Net.
8:48 of 2nd period - Wrist shot by Nino Niederreiter.
8:48 of 2nd period - Stopped by Ville Husso without a rebound.
8:49 of 2nd period - Aleksander Barkov wins face-off versus Evgeni Malkin in Vancouver Canucks zone.
9:10 of 2nd period - Mikko Rantanen is hit by Evgeni Malkin and loses puck.
9:21 of 2nd period - Wrist shot by Gustav Nyquist.
9:21 of 2nd period - Goal by Gustav Nyquist - Minnesota North Stars : 1 - Vancouver Canucks : 2.
9:22 of 2nd period - Anton Lundell wins face-off versus Evgeni Malkin in neutral zone.
10:09 of 2nd period - Snap shot by Artturi Lehkonen.
10:09 of 2nd period - Stopped by Antti Raanta with a rebound.
10:11 of 2nd period - Slapshot by Noah Hanifin.
10:11 of 2nd period - Shot Blocked by Jeff Skinner.
10:13 of 2nd period - Snap shot by Artturi Lehkonen.
10:13 of 2nd period - Shot Misses the Net.
10:15 of 2nd period - Wrist shot by Noah Hanifin.
10:15 of 2nd period - Shot Misses the Net.
10:17 of 2nd period - Snap shot by Anton Lundell.
10:17 of 2nd period - Shot Misses the Net.
10:19 of 2nd period - Snap shot by Nikita Zadorov.
10:19 of 2nd period - Stopped by Antti Raanta with a rebound.
10:21 of 2nd period - Slapshot by Noah Hanifin.
10:21 of 2nd period - Shot Blocked by Jeff Skinner.
10:23 of 2nd period - Slapshot by Noah Hanifin.
10:23 of 2nd period - Deflect By Artturi Lehkonen.
10:23 of 2nd period - Shot Misses the Net.
10:23 of 2nd period - Puck is out of play.
10:24 of 2nd period - Aleksander Barkov wins face-off versus Evgeni Malkin in Minnesota North Stars zone.
10:25 of 2nd period - Snap shot by Mikko Rantanen.
10:25 of 2nd period - Shot Blocked by Rasmus Dahlin.
10:27 of 2nd period - Wrist shot by Clayton Keller.
10:27 of 2nd period - Goal by Clayton Keller - Minnesota North Stars : 1 - Vancouver Canucks : 3.
10:28 of 2nd period - Aleksander Barkov wins face-off versus Evgeni Malkin in neutral zone.
10:35 of 2nd period - Wrist shot by Aleksander Barkov.
10:35 of 2nd period - Shot Blocked by David Perron.
10:37 of 2nd period - Slapshot by Mikko Rantanen.
10:37 of 2nd period - Shot Hit the Post.
10:39 of 2nd period - Slapshot by Noah Hanifin.
10:39 of 2nd period - Stopped by Antti Raanta without a rebound.
10:40 of 2nd period - Aleksander Barkov wins face-off versus Evgeni Malkin in Minnesota North Stars zone.
10:43 of 2nd period - Backhand shot by Clayton Keller.
10:43 of 2nd period - Shot Misses the Net.
10:45 of 2nd period - Slapshot by Jake Bean.
10:45 of 2nd period - Shot Blocked by David Perron.
12:00 of 2nd period - Wrist shot by Nino Niederreiter.
12:00 of 2nd period - Shot Blocked by Nathan Smith.
12:10 of 2nd period - Icing by Gustav Forsling.
12:11 of 2nd period - Aleksander Barkov wins face-off versus Andrew Poturalski in Minnesota North Stars zone.
12:38 of 2nd period - Andrew Poturalski is hit by Robby Fabbri.
12:46 of 2nd period - Slapshot by Rasmus Dahlin.
12:46 of 2nd period - Stopped by Ville Husso without a rebound.
12:47 of 2nd period - Evgeni Malkin wins face-off versus Casey Mittelstadt in Vancouver Canucks zone.
12:50 of 2nd period - Snap shot by David Perron.
12:50 of 2nd period - Shot Misses the Net.
13:18 of 2nd period - Off-side.
13:19 of 2nd period - Anton Lundell wins face-off versus Jonathan Toews in neutral zone.
13:48 of 2nd period - Wrist shot by Gustav Nyquist.
13:48 of 2nd period - Shot Misses the Net.
14:59 of 2nd period - Snap shot by Jeff Skinner.
14:59 of 2nd period - Stopped by Ville Husso with a rebound.
15:01 of 2nd period - Slapshot by Zdeno Chara.
15:01 of 2nd period - Shot Blocked by Jacob Bryson.
15:03 of 2nd period - Slapshot by Jonathan Toews.
15:03 of 2nd period - Stopped by Ville Husso without a rebound.
15:04 of 2nd period - Aleksander Barkov wins face-off versus Jonathan Toews in Vancouver Canucks zone.
15:19 of 2nd period - Alex Goligoski is hit by Mikko Rantanen and loses puck.
16:03 of 2nd period - Jake Bean is hit by Neal Pionk and loses puck.
16:07 of 2nd period - Icing by Nikita Zadorov.
16:08 of 2nd period - Evgeni Malkin wins face-off versus Casey Mittelstadt in Vancouver Canucks zone.
16:23 of 2nd period - Wrist shot by Jack Hughes.
16:23 of 2nd period - Stopped by Ville Husso without a rebound.
16:24 of 2nd period - Aleksander Barkov wins face-off versus Jonathan Toews in Vancouver Canucks zone.
17:10 of 2nd period - Minor Penalty to Gustav Nyquist for Hooking.
17:11 of 2nd period - Jonathan Toews wins face-off versus Aleksander Barkov in Minnesota North Stars zone.
17:28 of 2nd period - Snap shot by Clayton Keller.
17:28 of 2nd period - Goal by Clayton Keller - Minnesota North Stars : 1 - Vancouver Canucks : 4.
17:29 of 2nd period - Evgeni Malkin wins face-off versus Aleksander Barkov in neutral zone.
17:40 of 2nd period - Snap shot by David Perron.
17:40 of 2nd period - Deflect By Jack Hughes.
17:40 of 2nd period - Shot Blocked by Clayton Keller.
17:40 of 2nd period - Puck is out of play.
17:41 of 2nd period - Aleksander Barkov wins face-off versus Evgeni Malkin in Vancouver Canucks zone.
17:41 of 2nd period - Aleksander Barkov is hit by David Perron.
17:51 of 2nd period - Wrist shot by Mikko Rantanen.
17:51 of 2nd period - Stopped by Antti Raanta without a rebound.
17:52 of 2nd period - Evgeni Malkin wins face-off versus Aleksander Barkov in Minnesota North Stars zone.
17:52 of 2nd period - Evgeni Malkin is hit by Mikko Rantanen.
18:18 of 2nd period - Robby Fabbri is hit by Jonathan Toews and loses puck.
18:42 of 2nd period - Minor Penalty to Adam Lowry for Interference.
18:43 of 2nd period - Aleksander Barkov wins face-off versus Jonathan Toews in Minnesota North Stars zone.
19:11 of 2nd period - Anton Lundell is hit by Rasmus Dahlin and loses puck.
19:43 of 2nd period - Aleksander Barkov is hit by David Perron and loses puck.
Goals for this period are 1 for Minnesota North Stars vs 3 for Vancouver Canucks.
Shots for this period are 10 for Minnesota North Stars vs 15 for Vancouver Canucks.
3rd period
0:01 of 3rd period - Aleksander Barkov wins face-off versus Jonathan Toews in neutral zone.
0:42 of 3rd period - Penalty to Adam Lowry is over, Adam Lowry is back on ice.
1:13 of 3rd period - Wrist shot by Conor Sheary.
1:13 of 3rd period - Deflect By Andrew Poturalski.
1:13 of 3rd period - Shot Misses the Net.
1:13 of 3rd period - Puck is out of play.
1:14 of 3rd period - Andrew Poturalski wins face-off versus Jesperi Kotkaniemi in Vancouver Canucks zone.
1:35 of 3rd period - Jeff Skinner is hit by Jacob Bryson and loses puck.
1:42 of 3rd period - Slapshot by Aleksander Barkov.
1:42 of 3rd period - Shot Misses the Net.
2:32 of 3rd period - Wrist shot by Viktor Arvidsson.
2:32 of 3rd period - Stopped by Ville Husso with a rebound.
2:38 of 3rd period - Snap shot by Jonathan Toews.
2:38 of 3rd period - Stopped by Ville Husso with a rebound.
3:33 of 3rd period - Nick Holden is hit by Robby Fabbri and loses puck.
3:59 of 3rd period - Jeff Skinner is hit by Jake Bean and loses puck.
4:10 of 3rd period - Snap shot by Jonathan Toews.
4:10 of 3rd period - Stopped by Ville Husso with a rebound.
4:12 of 3rd period - Slapshot by Jeff Skinner.
4:12 of 3rd period - Goal by Jeff Skinner - Minnesota North Stars : 2 - Vancouver Canucks : 4.
4:13 of 3rd period - Aleksander Barkov wins face-off versus David Perron in neutral zone.
4:46 of 3rd period - Zdeno Chara is hit by Robby Fabbri and loses puck.
4:51 of 3rd period - Snap shot by Artturi Lehkonen.
4:51 of 3rd period - Shot Misses the Net.
4:53 of 3rd period - Slapshot by Jake Bean.
4:53 of 3rd period - Shot Blocked by Adam Lowry.
5:30 of 3rd period - Jack Hughes is hit by Alex Formenton and loses puck.
7:13 of 3rd period - Icing by Noah Hanifin.
7:14 of 3rd period - Andrew Poturalski wins face-off versus Aleksander Barkov in Vancouver Canucks zone.
7:43 of 3rd period - Snap shot by Mikko Rantanen.
7:43 of 3rd period - Shot Blocked by Yegor Sharangovich.
7:45 of 3rd period - Wrist shot by Clayton Keller.
7:45 of 3rd period - Shot Misses the Net.
7:47 of 3rd period - Slapshot by Noah Hanifin.
7:47 of 3rd period - Shot Misses the Net.
7:49 of 3rd period - Snap shot by Mikko Rantanen.
7:49 of 3rd period - Goal by Mikko Rantanen - Minnesota North Stars : 2 - Vancouver Canucks : 5.
7:50 of 3rd period - Evgeni Malkin wins face-off versus Artturi Lehkonen in neutral zone.
7:53 of 3rd period - Robby Fabbri is hit by Gustav Forsling and loses puck.
7:58 of 3rd period - Snap shot by Evgeni Malkin.
7:58 of 3rd period - Stopped by Ville Husso with a rebound.
8:00 of 3rd period - Slapshot by Neal Pionk.
8:00 of 3rd period - Stopped by Ville Husso without a rebound.
8:01 of 3rd period - Evgeni Malkin wins face-off versus Aleksander Barkov in Vancouver Canucks zone.
8:10 of 3rd period - Wrist shot by Evgeni Malkin.
8:10 of 3rd period - Stopped by Ville Husso with a rebound.
8:35 of 3rd period - David Perron is hit by Clayton Keller and loses puck.
8:40 of 3rd period - Wrist shot by Aleksander Barkov.
8:40 of 3rd period - Shot Misses the Net.
8:42 of 3rd period - Wrist shot by Aleksander Barkov.
8:42 of 3rd period - Shot Misses the Net.
8:58 of 3rd period - Snap shot by Clayton Keller.
8:58 of 3rd period - Stopped by Antti Raanta with a rebound.
9:21 of 3rd period - Slapshot by Mikko Rantanen.
9:21 of 3rd period - Shot Misses the Net.
9:23 of 3rd period - Slapshot by Aleksander Barkov.
9:23 of 3rd period - Shot Misses the Net.
9:25 of 3rd period - Snap shot by Aleksander Barkov.
9:25 of 3rd period - Stopped by Antti Raanta without a rebound.
9:26 of 3rd period - Anton Lundell wins face-off versus Adam Lowry in Minnesota North Stars zone.
9:29 of 3rd period - Snap shot by Artturi Lehkonen.
9:29 of 3rd period - Shot Misses the Net.
10:17 of 3rd period - Snap shot by Taylor Raddysh.
10:17 of 3rd period - Stopped by Antti Raanta with a rebound.
10:59 of 3rd period - Snap shot by Viktor Arvidsson.
10:59 of 3rd period - Stopped by Ville Husso with a rebound.
12:16 of 3rd period - Olli Maatta is hit by Adam Lowry and loses puck.
12:31 of 3rd period - Gustav Forsling is hit by Artturi Lehkonen and loses puck.
14:38 of 3rd period - Nikita Zadorov is hit by David Perron and loses puck.
14:45 of 3rd period - David Perron is hit by Clayton Keller and loses puck.
15:14 of 3rd period - Minor Penalty to Anton Lundell for Hooking.
15:15 of 3rd period - Evgeni Malkin wins face-off versus Aleksander Barkov in Vancouver Canucks zone.
15:18 of 3rd period - Wrist shot by Jack Hughes.
15:18 of 3rd period - Stopped by Ville Husso with a rebound.
15:20 of 3rd period - Wrist shot by David Perron.
15:20 of 3rd period - Stopped by Ville Husso without a rebound.
15:21 of 3rd period - Aleksander Barkov wins face-off versus Evgeni Malkin in Vancouver Canucks zone.
15:30 of 3rd period - Aleksander Barkov is hit by Jack Hughes and loses puck.
15:58 of 3rd period - Casey Mittelstadt is hit by Jonathan Toews and loses puck.
17:14 of 3rd period - Penalty to Anton Lundell is over, Anton Lundell is back on ice.
17:49 of 3rd period - Wrist shot by Nathan Smith.
17:49 of 3rd period - Shot Misses the Net.
17:51 of 3rd period - Slapshot by Nikita Zadorov.
17:51 of 3rd period - Shot Misses the Net.
19:17 of 3rd period - Clayton Keller is hit by Andrew Poturalski and loses puck.
19:42 of 3rd period - Snap shot by Artturi Lehkonen.
19:42 of 3rd period - Stopped by Antti Raanta with a rebound.
19:44 of 3rd period - Slapshot by Olli Maatta.
19:44 of 3rd period - Stopped by Antti Raanta without a rebound.
19:45 of 3rd period - Anton Lundell wins face-off versus Jonathan Toews in Minnesota North Stars zone.
19:56 of 3rd period - Major Penalty to Jake Bean for Kneeing.
19:57 of 3rd period - Evgeni Malkin wins face-off versus Alex Formenton in Vancouver Canucks zone.
Goals for this period are 1 for Minnesota North Stars vs 1 for Vancouver Canucks.
Shots for this period are 10 for Minnesota North Stars vs 6 for Vancouver Canucks.
Back to the Top